[Event "*** Titled Tuesday Blitz"]
[Site "Chess.com"]
[Date "2019.06.04"]
[Round "1"]
[White "TheGandhiOfChess"]
[Black "MITerryble"]
[Result "0-1"]
[WhiteElo "2416"]
[BlackElo "2777"]
[TimeControl "180+2"]
[EndTime "13:12:20 PDT"]
[Termination "MITerryble won by resignation"]

1. e4 e6 2. d4 d5 3. exd5 exd5 4. Nf3 Nc6 5. Nc3 Bb4 6. Bb5 Ne7 7. O-O O-O 8. Ne2 Bg4 9. Ne5 Nxe5 10. dxe5 Ng6 11. Qd4 Bxe2 12. Bxe2 c5 13. Qe3 Qc7 14. f4 c4 15. Qf2 d4 16. Kh1 Rad8 17. Bf3 Bc5 18. Qg3 b5 19. Bd2 d3 20. cxd3 Rxd3 21. Rad1 Rfd8 22. Bc1 Qd7 23. Rde1 Ne7 24. Qh4 Nf5 25.
Qg4 Ne7 26. f5 Nxf5 27. Qf4 Nd4 28. Be4 Ne6 29. Qf5 g6 30. Qg4 Rd4 31. Qf3 Bb4 32. Re2 Rd1 33. Rf2 Rxf1+ 34. Rxf1 Qe7 35. Be3 Bc5 36. Bh6 Bd4 37. h3 Bxe5 38. Bc6 Bg7 39. Bxg7 Kxg7 40. Bxb5 Rd4 41. Re1 Qc5 42. Be8 Qe7 43. Qc3 Qf6 44. Bb5 Rf4 45. Qxf6+ Kxf6 46. g3 Rf2 47. Bxc4 Rxb2 48. Kg1 Ng5 49. Rf1+ Ke7 50. h4 Nh3+ 51. Kh1 Nf2+ 52. Kg2 Ng4+ 53. Kg1 f5 54. Rd1 a5 55. Bg8 h6 56. Rd3 Nf6 57. Bb3 Ne4 58. Re3 Kf6 59. g4 Ke5 60. h5 gxh5 61. gxf5 Kxf5 62.
Rd3 Nf6 63. Rd8 h4 64. Ra8 h3 65. Rxa5+ Kf4 66. Ra4+ Kg3 67. Ra3 Rb1+ 68. Bd1+ Kh4 69. Rd3 Ng4 70. Rd4 h5 71. a4 Kg3 72. Rd3+ Kf4 73. a5 Ra1 74. Rd4+ Kg3 75. Rd3+ Kf4 76. Rd4+ Ke3 77. Rd5 Nf2 78. Re5+ Kf4 79. Re1 Nxd1 80.
a6 Kg3 81. Kf1 Ne3+ 82. Ke2 Rxe1+ 83. Kxe1 h2 84. a7 h1=Q+ 85. Ke2 Qa8 86. Ke1 Qxa7 87. Ke2 Qa6+ 88. Ke1 Qf1+ 89. Kd2 Ng4 90. Kc3 h4 0-1

[Event "*** Titled Tuesday Blitz"]
[Site "Chess.com"]
[Date "2019.06.04"]
[Round "1"]
[White "dopolian"]
[Black "FMJoseHerrera"]
[Result "0-1"]
[WhiteElo "2266"]
[BlackElo "2626"]
[TimeControl "180+2"]
[EndTime "13:12:34 PDT"]
[Termination "FMJoseHerrera won by resignation"]

1. e4 c5 2. Nf3 e6 3. d4 cxd4 4. Nxd4 a6 5. Bd3 Qc7 6. O-O Nf6 7. c4 d6 8. Nc3 Nbd7 9. Be3 b6 10. Qe2 Bb7 11. Rac1 Be7 12. Rfd1 Rc8 13. f3 h5 14.
Qf2 h4 15. b4 Ne5 16. Bf1 h3 17. g3 Qb8 18. Na4 Bd8 19. Nb3 b5 20. cxb5 Rxc1 21. Rxc1 axb5 22. Bxb5+ Kf8 23. Nb6 Bxe4 24. fxe4 Neg4 25.
Rc8 Qxc8 26. Nxc8 Nxf2 27. Bxf2 Nxe4 28. Bb6 Bf6 29. Bc6 d5 30. a4 Rh5 31. a5 Re5 32. Bd4 Rf5 33. Bxf6 gxf6 34. a6 Rf2 35. a7 Rb2 36.
Bb5 Ra2 37. Kf1 Nxg3+ 38. Ke1 Ne4 39. Na5 Rxh2 40. a8=Q Rh1+ 41. Ke2 Kg7 42. Ne7 f5 43. Qg8+ Kf6 44. Nxd5+ exd5 45. Qd8+ Kg6 46. Qb6+ f6 47. Qe3 Rh2+ 48. Kd3 Ng5 49. Bd7 Rg2 50. Qf4 h2 51.
Bxf5+ Kg7 52. Qc7+ Kh6 53. Qc8 Rg3+ 54. Kd4 Nf3+ 55.
Kc5 Kg5 56. Qg8+ Kxf5 57. Qxg3 h1=Q 58. b5 Qc1+ 59. Kb6 Ne5 60. Nc6 Nc4+ 61. Kb7 Qb2 62.
Qf3+ Ke6 63. Qg4+ Kd6 64. Qf4+ Kc5 65. Na7 Nd6+ 66. Kc7 Nxb5+ 67. Nxb5 Qxb5 68. Qxf6 Qc4 69. Qe7+ Kd4+ 70. Kd7 Kd3 71. Qg5 Qe4 72. Kd6 d4 73. Kc5 Qe3 74. Qd5 Qc1+ 75. Kd6 Qc4 76. Qf5+ Kc3 77. Qe5 Kc2 78. Qf5+ d3 79. Qf2+ d2 80. Ke7 Qd3 81. Qc5+ Qc3 82. Qf5+ Kc1 83. Qf4 Qc5+ 84. Ke8 Qc3 85. Ke7 Kb2 86. Qf2 Kb1 87. Qb6+ Qb2 88.
Qg6+ Kc1 89. Qc6+ Qc2 90. Qh6 Qe4+ 91. Kf8 Kc2 92. Qh2 Qf5+ 93. Kg8 Qd3 94. Qc7+ Kb1 95. Qb6+ Kc1 96. Qc5+ Kb2 97. Qf2 Kc3 98. Qc5+ Qc4+ 0-1

[Event "*** Titled Tuesday Blitz"]
[Site "Chess.com"]
[Date "2019.06.04"]
[Round "1"]
[White "Chebure"]
[Black "Hanging_pointer"]
[Result "1-0"]
[WhiteElo "2820"]
[BlackElo "2433"]
[TimeControl "180+2"]
[EndTime "13:13:12 PDT"]
[Termination "Chebure won by resignation"]

1. e4 c5 2. d4 cxd4 3. c3 dxc3 4. Nxc3 Nc6 5. Nf3 a6 6. Bc4 d6 7. O-O Nf6 8. h3 e6 9. Qe2 Be7 10. Rd1 Qa5 11. a3 Ne5 12. Ba2 b5 13. Bf4 Qc7 14.
Rac1 Qb8 15. Nd4 Bd7 16. Bh2 Qb6 17. Kh1 O-O 18. f4 Nc6 19. Bg1 Nxd4 20. Bxd4 Qb7 21.
Bxf6 Bxf6 22. f5 Be5 23. fxe6 fxe6 24. Nd5 Rac8 25. Ne7+ Kh8 26. Nxc8 Rxc8 27. Qg4 Re8 28. Rc2 b4 29. axb4 Qxb4 30. Rc7 Qxb2 31. Bxe6 Bb5 32. Bc4 Ba4 33. Rf1 Qb8 34. Rcf7 h6 35. Bxa6 Qa8 36. Bc4 Bc6 37. Bd5 Bxd5 38. exd5 Qxd5 39. Qg6 Qa8 40. Rd7 Rd8 41. Re7 Rc8 42. Qe6 Rg8 43. Ref7 Re8 44.
Qg6 Rg8 45. Qb1 Qa3 46. Rf8 Qb2 47. Rxg8+ Kxg8 48. Qf5 Qb8 49. Qe6+ Kh8 50. Qd5 Qd8 51. Qf3 Qe7 52. Qa8+ Kh7 53. Qe4+ Kh8 54. Rb1 Qf8 55.
Rc1 g5 56. Qg4 Kg7 57. Rc7+ Kg6 58. Qe4+ Qf5 59. Qe1 Qf4 60. Kg1 Bd4+ 61. Kh1 Be5 62. Qb1+ Kh5 63. Qd1+ Kh4 64. Qe1+ Qg3 65. Qxg3+ Bxg3 66. Kg1 Be5 67. Kf1 h5 68. Rh7 g4 69. hxg4 Kxg4 70.
Ra7 h4 71. Ra4+ Kg3 72. Ra3+ Kg4 73. Rh3 Bg3 74. Ke2 Kf4 75. Rh1 Kg4 76. Ra1 Bf4 77. Ra4 Kg3 78. Kf1 Be5 79. Re4 Bf4 80. Rd4 Be5 81. Rd3+ Kg4 82. Kf2 Bg3+ 83. Ke2 Be5 84.
Re3 Bf4 85. Rf3 Bg3 86. Ke3 h3 87. gxh3+ Kxh3 88. Rf6 Be5 89. Rg6 Kh4 90. Kf3 Kh5 91. Rg1 Kh6 92. Ke4 Kh7 93. Kf5 Kh6 94. Rg2 Kh7 95. Rg5 Kh6 96. Rg1 Kh7 97. Rg6 Kh8 98. Ke6 Kh7 99. Kf7 Bf4 100. Rg4 Be3 101. Rh4+ Bh6 102. Rh5 1-0

[Event "*** Titled Tuesday Blitz"]
[Site "Chess.com"]
[Date "2019.06.04"]
[Round "1"]
[White "champ2005"]
[Black "Bad4life"]
[Result "1/2-1/2"]
[WhiteElo "2830"]
[BlackElo "2448"]
[TimeControl "180+2"]
[EndTime "13:14:44 PDT"]
[Termination "Game drawn by 50-move rule"]

1. e4 c5 2. Nc3 a6 3. Nf3 d6 4. d4 cxd4 5. Nxd4 Nf6 6. Bd3 g6 7. f3 Bg7 8. Be3 O-O 9. Qd2 Nc6 10.
O-O-O Be6 11. Kb1 Rc8 12. h4 h5 13. Nxe6 fxe6 14. Bh6 Qa5 15. Bxg7 Kxg7 16. g4 Ne5 17. Be2 hxg4 18. h5 gxf3 19. hxg6 Rh8 20. Bd3 Neg4 21. Qf4 Qb6 22. Qxf3 Rxc3 23. Rxh8 Kxh8 24. Qh3+ Kg7 25. Rh1 Rc8 26. Be2 Qc5 27. Bd1 Qg5 28. Bxg4 Nxg4 29. Qh7+ Kf6 30. Rf1+ Ke5 31. g7 Ne3 32. Qh2+ Kxe4 33.
Rg1 Qd5 34. g8=Q Rxg8 35. Qh7+ Ke5 36. Qxg8 Qf3 37. Qg5+ Nf5 38. Re1+ Kd5 39. Qd2+ Kc6 40. Rxe6 Kd7 41. Re1 Ng3 42. a3 Ne4 43. Qe3 Qxe3 44. Rxe3 Nc5 45. c4 e5 46. Kc2 a5 47. b4 Ne6 48. Kc3 Kc6 49. Rh3 Nd4 50. Rh7 axb4+ 51. axb4 b5 52. Rh8 bxc4 53. Kxc4 d5+ 54. Kc3 Nb5+ 55.
Kb3 Nd4+ 56. Ka4 e4 57. Re8 Kd7 58. Re5 Kd6 59. Re8 Kd7 60. Re5 Kd6 61. Re8 Ne6 62. Kb3 d4 63. Kc4 d3 64. Kc3 Kd5 65. b5 Nc7 66. Rd8+ Kc5 67. b6 Nb5+ 68. Kd2 Kxb6 69. Ke3 Nc3 70. Kd4 Nb5+ 71. Kxe4 Kc5 72. Rxd3 Nd6+ 73.
Ke5 Nc4+ 74. Ke6 Nb6 75. Rh3 Kd4 76. Rh4+ Kc5 77. Rh5+ Kc4 78. Kd6 Na4 79. Rh4+ Kb3 80. Kd5 Nc3+ 81. Kd4 Nb5+ 82. Kd3 Nc3 83. Rh8 Nb5 84.
Rc8 Kb4 85. Rc4+ Kb3 86. Rh4 Nc3 87. Rh5 Na4 88. Kd4 Kb4 89. Rh8 Kb5 90. Rh5+ Kb4 91.
Rh1 Kb3 92. Rb1+ Nb2 93. Ra1 Na4 94. Rc1 Nb2 95. Rc8 Na4 96. Rb8+ Kc2 97. Rb4 Nb2 98. Ke3 Kc3 99. Rb8 Nc4+ 100. Ke4 Nd2+ 101. Kd5 Kd3 102. Rh8 Ke3 103. Rh3+ Nf3 104. Rh8 Kf4 105. Rf8+ Ke3 106. Kc4 Ke4 107. Kc3 Ne5 108. Re8 Kd5 109. Rd8+ Ke4 110. Rd1 Kf4 111. Kd4 Nf3+ 112. Kd5 Ng5 113. Ra1 Nf3 114. Ra4+ Ke3 115. Ra3+ Kf2 116. Rd3 Ke2 117. Rc3 Nd2 118. Kd4 Nf3+ 119. Ke4 Nd2+ 120. Kf4 Kf2 121. Re3 Nf1 122. Rd3 1/2-1/2

[Event "*** Titled Tuesday Blitz"]
[Site "Chess.com"]
[Date "2019.06.04"]
[Round "1"]
[White "Poghosyan_Suren"]
[Black "H3nriqueTV"]
[Result "1-0"]
[WhiteElo "2562"]
[BlackElo "2182"]
[TimeControl "180+2"]
[EndTime "13:15:06 PDT"]
[Termination "Poghosyan_Suren won by checkmate"]

1. d4 d5 2. c4 c6 3. Nf3 Nf6 4. Qc2 Nbd7 5. g3 e6 6. Bg2 Be7 7. O-O O-O 8. Nbd2 Re8 9. e4 dxe4 10. Nxe4 Nxe4 11. Qxe4 Nf6 12. Qe2 h6 13. Bf4 Bd7 14.
Ne5 Rc8 15. Rfd1 Nh7 16. h4 Nf6 17. Rac1 Bf8 18. Qc2 Qe7 19. Re1 Red8 20. Rcd1 Be8 21.
g4 Nd7 22. g5 Nxe5 23. Rxe5 hxg5 24. hxg5 g6 25. Ra5 a6 26. Be5 Bg7 27. Qe2 Qxg5 28. Bc7 Qe7 29. Bxd8 Rxd8 30. d5 cxd5 31. Raxd5 Rxd5 32. cxd5 Bb5 33. Qe3 Bc4 34. d6 Qd7 35. Qc5 Bb5 36. b3 Bc6 37. Bxc6 bxc6 38. Rc1 Qd8 39. Qxc6 Qg5+ 40. Kf1 Bf6 41. d7 Bd8 42. Rd1 Kg7 43.
Qxa6 Qh4 44. Qc4 Qh3+ 45. Ke2 Qh5+ 46. Kd2 Qf5 47. Qd4+ e5 48. Qc5 Qxd7+ 49. Kc2 Qf5+ 50. Rd3 Bf6 51. f3 Qf4 52. Qe3 Qh2+ 53. Qd2 Qh3 54. Qe2 Qc8+ 55. Kb1 Qc5 56. a4 Qa3 57. Qb2 Qb4 58.
Qc2 Qa3 59. Qa2 Qb4 60. Qe2 Qa3 61. Qe4 Qc5 62. Qc4 Qg1+ 63. Qc1 Qf2 64. Qc2 Qf1+ 65. Rd1 Qa6 66. b4 Qb6 67. b5 Qb7 68. Qb3 Qb6 69. Ka2 Qf2+ 70. Kb1 Qb6 71. Rc1 Bg5 72. Rc6 Qg1+ 73. Ka2 Qf2+ 74. Rc2 Qb6 75. Qb4 Bd8 76. Qc3 Qe6+ 77. Qb3 Qf6 78. Rc6 Qf5 79. b6 Qd7 80. b7 Qxc6 81. b8=Q Bf6 82. Q8b5 Qc7 83. Q5c4 Qa7 84.
Qcc3 e4 85. Qcc2 Qg1 86. Qbb1 Qd4 87. fxe4 Be5 88. Qbd1 Qb4 89. Qd5 Bc3 90. Qcb3 Qa5 91. Qxf7+ Kh6 92. Qf4+ Kg7 93. Qff7+ Kh6 94. Qfc4 Be5 95.
Qh3+ Kg7 96. Qd7+ Kh6 97. Qdd3 Qe1 98. Qb1 Qd2+ 99. Qcc2 Qd4 100. Qbc1+ Kg7 101. Qb3 Qxe4 102. Qcc2 Qd4 103. Qbb1 Qd5+ 104. Qcb3 Qd2+ 105. Q1c2 Qd4 106. Qb7+ Kh6 107. Qh1+ Kg7 108. Qb7+ Kh6 109. Qbb1 Qd5+ 110. Qcb3 Qd4 111. Qh1+ Kg7 112. Qbb7+ Kf6 113. Qf1+ Kg5 114. Qe7+ Kg4 115. Qe2+ Kh3 116. Qe6+ Kh4 117. Q6xe5 Qxa4+ 118. Kb2 g5 119. Q5e4+ g4 120. Q2xg4# 1-0

[Event "*** Titled Tuesday Blitz"]
[Site "Chess.com"]
[Date "2019.06.04"]
[Round "2"]
[White "Rish_97"]
[Black "chessturk1"]
[Result "1-0"]
[WhiteElo "2466"]
[BlackElo "2420"]
[TimeControl "180+2"]
[EndTime "13:17:15 PDT"]
[Termination "Rish_97 won by resignation"]

1. d4 Nf6 2. Bf4 d5 3. e3 e6 4. c3 Bd6 5. Bg3 O-O 6. Nd2 b6 7. Ngf3 c5 8. Bd3 Ba6 9. Bxa6 Nxa6 10. O-O Bxg3 11. hxg3 Nd7 12. Qe2 Nc7 13. a4 a6 14.
a5 b5 15. b4 cxb4 16. cxb4 Qe7 1-0

[Event "*** Titled Tuesday Blitz"]
[Site "Chess.com"]
[Date "2019.06.04"]
[Round "2"]
[White "adriangschnitzer"]
[Black "ftorodent"]
[Result "1-0"]
[WhiteElo "2469"]
[BlackElo "2484"]
[TimeControl "180+2"]
[EndTime "13:18:32 PDT"]
[Termination "adriangschnitzer won by resignation"]

1. e4 e6 2. d4 d5 3. Nd2 Be7 4.
Ngf3 Nf6 5. e5 Nfd7 6. Bd3 c5 7. c3 b6 8. O-O Bb7 9. b3 Ba6 10. Qe2 Bxd3 11. Qxd3 O-O 12. Bb2 cxd4 13. cxd4 Nc6 14. a3 Qc8 15. h3 Qb7 16. Nh2 Rae8 17. f4 f5 18. Rac1 Rc8 19. Rc2 Ncb8 20. Rfc1 Rc6 21.
Rxc6 Nxc6 22. Qc2 Re8 23. Qxc6 Rc8 1-0

[Event "*** Titled Tuesday Blitz"]
[Site "Chess.com"]
[Date "2019.06.04"]
[Round "2"]
[White "quesfr"]
[Black "levallem"]
[Result "1-0"]
[WhiteElo "2179"]
[BlackElo "2265"]
[TimeControl "180+2"]
[EndTime "13:18:36 PDT"]
[Termination "quesfr won by resignation"]

1. e4 c6 2. d4 d5 3. e5 Bf5 4. h4 h5 5. Bd3 Bxd3 6. Qxd3 e6 7.
Bg5 Ne7 8. Ne2 Qb6 9. Nd2 Nd7 10.
c4 dxc4 11. Nxc4 Qb4+ 12. Bd2 Qa4 13. b3 Qa6 14. Nd6+ Kd8 15. Qxa6 bxa6 16. Nxf7+ Ke8 17. Nxh8 g6 18. Nf4 Bg7 19. Nhxg6 Kf7 20. Nxe7 Kxe7 21. Nxh5 Bh8 22. Bg5+ 1-0

[Event "*** Titled Tuesday Blitz"]
[Site "Chess.com"]
[Date "2019.06.04"]
[Round "2"]
[White "Ginger_GM"]
[Black "Ar4uha"]
[Result "1-0"]
[WhiteElo "2554"]
[BlackElo "2513"]
[TimeControl "180+2"]
[EndTime "13:18:43 PDT"]
[Termination "Ginger_GM won by resignation"]

1. d4 Nf6 2. Nf3 e6 3. Bg5 c5 4. d5 h6 5. Bxf6 Qxf6 6. Nc3 g5 7. e4 g4 8. Nd2 Bg7 9. Qxg4 h5 10. Qf3 Qxf3 11. Nxf3 Ke7 12. e5 d6 13. exd6+ Kxd6 14. Nb5+ Kd7 15. dxe6+ fxe6 16. O-O-O+ 1-0

[Event "*** Titled Tuesday Blitz"]
[Site "Chess.com"]
[Date "2019.06.04"]
[Round "2"]
[White "francyIM"]
[Black "LiamVrolijk"]
[Result "0-1"]
[WhiteElo "2590"]
[BlackElo "2751"]
[TimeControl "180+2"]
[EndTime "13:18:54 PDT"]
[Termination "LiamVrolijk won by resignation"]

1. d4 Nf6 2. c4 g6 3. Nc3 d5 4. Nf3 Bg7 5. Bf4 O-O 6. e3 Be6 7. Qb3 c5 8. dxc5 Na6 9. Rd1 Qa5 10. cxd5 Nxd5 11. Be5 Nxe3 12. Qxb7 Nxc5 13. b4 Nxb7 14. bxa5 Nxd1 15. Bxg7 Kxg7 16. Kxd1 Nxa5 17. Ba6 Rfd8+ 18. Kc2 Bf5+ 19. Kc1 Rab8 20. Re1 Rb6 21. Bf1 Rc8 22.
Re3 Rb1+ 0-1

[Event "*** Titled Tuesday Blitz"]
[Site "Chess.com"]
[Date "2019.06.04"]
[Round "2"]
[White "irregularity"]
[Black "Naruto-K"]
[Result "1-0"]
[WhiteElo "2607"]
[BlackElo "2396"]
[TimeControl "180+2"]
[EndTime "13:19:15 PDT"]
[Termination "irregularity won by resignation"]

1. e4 e6 2. d4 d5 3. exd5 exd5 4. Nc3 Nf6 5. Bg5 Bb4 6. Bd3 O-O 7. Ne2 c6 8. Qd2 Bg4 9. f3 Bh5 10. O-O-O Nbd7 11. Nf4 Bg6 12. Nxg6 fxg6 13. a3 Bd6 14. h4 Qc7 15. g4 b5 16. h5 gxh5 17. gxh5 h6 18. Be3 Rae8 19. Ne2 a5 20. Rdg1 Rxe3 21. Qxe3 Kh8 22.
Rxg7 Kxg7 23. Rg1+ Kf7 24. Bg6+ Kg7 25. Bf5+ Bg3 26.
Rxg3+ Qxg3 27. Nxg3 Re8 28. Qf4 Re1+ 29. Kd2 Rg1 30. Bxd7 Nxd7 31. Qg4+ Kf6 32. Qxd7 Rxg3 33. Qd6+ 1-0

[Event "*** Titled Tuesday Blitz"]
[Site "Chess.com"]
[Date "2019.06.04"]
[Round "2"]
[White "jk13"]
[Black "olksuna"]
[Result "1-0"]
[WhiteElo "2547"]
[BlackElo "2491"]
[TimeControl "180+2"]
[EndTime "13:19:29 PDT"]
[Termination "jk13 won by resignation"]

1. e4 c5 2. c3 Nf6 3. e5 Nd5 4. Bc4 Nb6 5. Bb3 Nc6 6. Nf3 d5 7. exd6 Qxd6 8. O-O Bf5 9. d4 cxd4 10.
Nxd4 Nxd4 11. cxd4 e6 12. Qf3 Qc6 13. Qg3 h5 14. h4 Bd6 15. Bf4 Bxf4 16. Qxf4 O-O 17. Nc3 Rad8 18. d5 Qd6 19. Qg5 Bg4 20. Ne4 Qb4 21.
Nf6+ Kh8 22. Nxh5 Rg8 23. Nf4 1-0

[Event "*** Titled Tuesday Blitz"]
[Site "Chess.com"]
[Date "2019.06.04"]
[Round "2"]
[White "Khanya_Mazibuko"]
[Black "Vusatiuk_Vladimir"]
[Result "0-1"]
[WhiteElo "2205"]
[BlackElo "2223"]
[TimeControl "180+2"]
[EndTime "13:19:33 PDT"]
[Termination "Vusatiuk_Vladimir won by resignation"]

1. d3 Nf6 2. e4 d5 3. e5 Nfd7 4. f4 e6 5. Nf3 c5 6. g3 b6 7. Bg2 Bb7 8. O-O d4 9. c3 dxc3 10. Nxc3 Nc6 11. d4 Nxd4 12. Kh1 Nxf3 13. Bxf3 Bxf3+ 14. Qxf3 Be7 15. Rd1 Qc8 16. Qd3 Nb8 17. Ne4 O-O 18. Nd6 Bxd6 19. Qxd6 Nc6 20. Be3 Rd8 0-1

[Event "*** Titled Tuesday Blitz"]
[Site "Chess.com"]
[Date "2019.06.04"]
[Round "2"]
[White "Alexander_Donchenko"]
[Black "raviteja81293"]
[Result "1-0"]
[WhiteElo "2759"]
[BlackElo "2576"]
[TimeControl "180+2"]
[EndTime "13:19:58 PDT"]
[Termination "Alexander_Donchenko won by checkmate"]

1. e4 c6 2. d4 d5 3. exd5 cxd5 4.
Bd3 Nc6 5. c3 Qc7 6. Ne2 Bg4 7.
O-O e6 8. Qe1 Bxe2 9. Qxe2 Nf6 10. Nd2 Bd6 11. Nf3 O-O 12. Bg5 Bf4 13. Bxf6 gxf6 14.
g3 Bh6 15. a4 a6 16. Nh4 Bg7 17. Qh5 h6 18. f4 f5 19. Kh1 f6 20. Rae1 Qf7 21.
Qd1 Rfe8 22. Be2 Qd7 23. Bh5 Red8 24. Qe2 b5 25. Qxe6+ Kf8 26. Ng6# 1-0

[Event "*** Titled Tuesday Blitz"]
[Site "Chess.com"]
[Date "2019.06.04"]
[Round "2"]
[White "Manukyan_Artak"]
[Black "Valuebet2000"]
[Result "0-1"]
[WhiteElo "2403"]
[BlackElo "2540"]
[TimeControl "180+2"]
[EndTime "13:20:01 PDT"]
[Termination "Valuebet2000 won by resignation"]

1. e4 c6 2. d4 d5 3. e5 Bf5 4. c4 e6 5. Nc3 Ne7 6. Qb3 Qb6 7. c5 Qc7 8. f4 b6 9. cxb6 axb6 10. Be3 Nd7 11.
Nf3 Bg4 12. Be2 Nf5 13. Bf2 h5 14. O-O Be7 15. Rfc1 Qb7 16. a3 O-O 17. g3 Rfc8 18.
Kg2 c5 19. Nb5 Ra5 20. h3 Bxf3+ 21. Bxf3 c4 22. Rxc4 Rxc4 23. Qxc4 dxc4 24. Bxb7 Rxb5 25. Bc6 Rxb2 26. Bxd7 Nxd4 27. Kf1 Bc5 28. Rc1 Rxf2+ 29. Kxf2 Nb3+ 0-1

[Event "*** Titled Tuesday Blitz"]
[Site "Chess.com"]
[Date "2019.06.04"]
[Round "2"]
[White "Keithonsky"]
[Black "Jahonas"]
[Result "1-0"]
[WhiteElo "2503"]
[BlackElo "2315"]
[TimeControl "180+2"]
[EndTime "13:20:03 PDT"]
[Termination "Keithonsky won by resignation"]

1. d4 Nf6 2. c4 e6 3. Nf3 d5 4. g3 Be7 5. Bg2 O-O 6. O-O Nbd7 7.
Qc2 Ne4 8. Nbd2 Ndf6 9. Ne5 c6 10.
Rd1 Nxd2 11. Bxd2 Nd7 12. Nd3 dxc4 13. Qxc4 Nb6 14. Qc3 Nd5 15. Qc2 Bf6 16. e4 Nc7 17. e5 Be7 18. Bc3 Nd5 19. Be4 h6 20. f4 f5 21.
exf6 Bxf6 22. Qf2 b6 23. Rac1 Bb7 24. Ne5 Bxe5 25. dxe5 Qe7 26. Bb1 c5 27. Qc2 g5 28.
Qg6+ Qg7 29. Qxe6+ Qf7 30. Qxh6 Nxc3 31. bxc3 gxf4 32. e6 1-0

[Event "*** Titled Tuesday Blitz"]
[Site "Chess.com"]
[Date "2019.06.04"]
[Round "2"]
[White "NMJeevanK"]
[Black "Kawhi_Leonard2"]
[Result "1-0"]
[WhiteElo "2428"]
[BlackElo "2229"]
[TimeControl "180+2"]
[EndTime "13:20:09 PDT"]
[Termination "NMJeevanK won by resignation"]

1. e4 c5 2. Nf3 d6 3. d4 cxd4 4. Nxd4 Nf6 5. Nc3 g6 6. Be2 Bg7 7. O-O O-O 8. Be3 Nc6 9. Kh1 d5 10. exd5 Nb4 11. Bc4 Nbxd5 12. Nxd5 Nxd5 13. c3 Nxe3 14. fxe3 e5 15. Nb5 Qb6 16. Rxf7 Rxf7 17. Nd6 Bf8 18.
Bxf7+ Kg7 19. Nxc8 Rxc8 20. Bb3 Rd8 21. Qf3 Qc7 22.
Rf1 Bc5 23. Qf6+ Kh6 24. Rf3 1-0

[Event "*** Titled Tuesday Blitz"]
[Site "Chess.com"]
[Date "2019.06.04"]
[Round "2"]
[White "ENEASZ"]
[Black "biostatistician"]
[Result "1-0"]
[WhiteElo "2516"]
[BlackElo "2541"]
[TimeControl "180+2"]
[EndTime "13:20:12 PDT"]
[Termination "ENEASZ won by resignation"]

1. e4 e6 2. d4 d5 3. Bd3 dxe4 4. Bxe4 Nf6 5. Bf3 Nbd7 6. Nc3 Bb4 7. a3 Bxc3+ 8. bxc3 e5 9. dxe5 Nxe5 10. Qxd8+ Kxd8 11. Be2 Bf5 12. Bf4 Ng6 13. O-O-O+ Kc8 14. Bg3 Ne4 15. Bd3 Ne7 16. Nf3 Nxc3 17. Rde1 Be6 18. Ng5 Nf5 19. Bxf5 Bxf5 20. Re7 Nd5 21. Rxf7 Bg6 22. Rxg7 b5 23. Rd1 c6 24. Rxd5 cxd5 25.
Rc7+ Kd8 26. Ne6+ Ke8 27. Bh4 1-0

[Event "*** Titled Tuesday Blitz"]
[Site "Chess.com"]
[Date "2019.06.04"]
[Round "2"]
[White "severomorskij"]
[Black "Thjop"]
[Result "1-0"]
[WhiteElo "2775"]
[BlackElo "2577"]
[TimeControl "180+2"]
[EndTime "13:20:13 PDT"]
[Termination "severomorskij won by resignation"]

1. d4 Nf6 2. Bg5 e6 3. e4 h6 4.
Bxf6 Qxf6 5. c3 d5 6. Bd3 c5 7. Nf3 Nc6 8. O-O dxe4 9. Bxe4 Bd7 10. Na3 cxd4 11. Nb5 Qf4 12. Nfxd4 Qxe4 13. Nc7+ Kd8 14.
Re1 Qf4 15. Ndxe6+ fxe6 16. Nxe6+ 1-0

[Event "*** Titled Tuesday Blitz"]
[Site "Chess.com"]
[Date "2019.06.04"]
[Round "2"]
[White "Vuk2000"]
[Black "Taron_Shagbazyan"]
[Result "1-0"]
[WhiteElo "2715"]
[BlackElo "2728"]
[TimeControl "180+2"]
[EndTime "13:20:19 PDT"]
[Termination "Vuk2000 won by resignation"]

1. e4 e5 2. Nf3 Nc6 3. d4 exd4 4. Nxd4 Qf6 5. Nxc6 Bc5 6. Qf3 dxc6 7. Bc4 Qxf3 8.
gxf3 Ne7 9. Be3 Bxe3 10. fxe3 Ng6 11. Kf2 Be6 12. Bxe6 fxe6 13. Nc3 Rf8 14. Ke2 e5 15. h4 Rf7 16. h5 Nf8 17. Nd1 Ne6 18. Rg1 Ke7 19.
Nf2 Raf8 20. Rg3 Nc5 21. b3 a5 22. Rag1 Rg8 23. Ng4 Ke6 24. Nh6 gxh6 25. Rxg8 Na6 26. a3 Nc5 27. R1g7 b5 28. Rxf7 Kxf7 29.
Rh8 Kg7 30. Rc8 Ne6 31. Ra8 1-0

[Event "*** Titled Tuesday Blitz"]
[Site "Chess.com"]
[Date "2019.06.04"]
[Round "2"]
[White "MrVenky"]
[Black "Gattass"]
[Result "1-0"]
[WhiteElo "2766"]
[BlackElo "2357"]
[TimeControl "180+2"]
[EndTime "13:20:19 PDT"]
[Termination "MrVenky won by resignation"]

1. e4 c5 2. Nc3 d6 3. f4 Nc6 4.
Nf3 g6 5. Bb5 Bd7 6. O-O Bg7 7.
d3 Nd4 8. a4 e6 9. e5 Nxf3+ 10.
Qxf3 d5 11. Bxd7+ Qxd7 12. Nb5 Ne7 13. Nd6+ Kf8 14. Be3 b6 15. a5 Rb8 16. axb6 axb6 17.
c4 Nc8 18. Nb5 f6 19. b3 Ke7 20. d4 dxc4 21. bxc4 cxd4 22. Bxd4 Rd8 23. Rfd1 Qb7 24.
Qh3 Kf7 25. exf6 Rxd4 26. Rxd4 Bxf6 27. Qxh7+ Kf8 28. Qxb7 Rxb7 29. Ra8 Bxd4+ 30. Nxd4 1-0

[Event "*** Titled Tuesday Blitz"]
[Site "Chess.com"]
[Date "2019.06.04"]
[Round "2"]
[White "Firegrizzly"]
[Black "ruvat"]
[Result "1-0"]
[WhiteElo "2686"]
[BlackElo "2350"]
[TimeControl "180+2"]
[EndTime "13:20:22 PDT"]
[Termination "Firegrizzly won by resignation"]

1. d4 d6 2. e4 Nf6 3. Bd3 e5 4. c3 d5 5. dxe5 Nxe4 6. Nf3 Nc6 7. O-O Nc5 8. Bb5 Bg4 9. h3 Bh5 10. Re1 Be7 11. Nbd2 O-O 12. b4 Ne6 13. Nb3 a6 14. Bf1 Qd7 15. a4 Rae8 16. b5 Nb8 17. Nbd4 Bc5 18. g4 Bg6 19. Bg2 axb5 20. axb5 Bxd4 21. Nxd4 Nxd4 22. cxd4 Qxb5 23. Ba3 Nc6 24. Bxf8 Rxf8 25.
f4 Bd3 26. Ra3 Bc4 27. f5 Qb6 28. Kh2 Nxd4 29. Rae3 c6 30. e6 fxe6 31. fxe6 Bb3 32. Qb1 Qc7+ 33. Kh1 Qe7 34. Qb2 c5 35. Rxb3 Nxb3 36.
Qxb3 c4 37. Qb5 1-0

[Event "*** Titled Tuesday Blitz"]
[Site "Chess.com"]
[Date "2019.06.04"]
[Round "2"]
[White "BigAl"]
[Black "Konavets"]
[Result "0-1"]
[WhiteElo "2365"]
[BlackElo "2923"]
[TimeControl "180+2"]
[EndTime "13:20:23 PDT"]
[Termination "Konavets won by resignation"]

1. e4 b6 2. Nc3 Bb7 3. g3 e6 4. Bg2 Nf6 5. d3 d5 6. exd5 Nxd5 7. Nf3 c5 8. O-O Be7 9. a4 O-O 10. a5 Nxc3 11. bxc3 Nd7 12. Qe2 Nf6 13. c4 h6 14. Bb2 Bc6 15. Rfe1 Qc7 16. Ne5 Bxg2 17. Kxg2 Rab8 18. a6 b5 19. cxb5 Rxb5 20. Nc4 Qc6+ 21. Kg1 Rd8 22. Be5 Nd7 23. Bc3 Bf8 24. Qg4 Qd5 25.
Ne5 Nxe5 26. Rxe5 Qc6 27. Rh5 Rdb8 28. Re1 Rb1 29. Re5 Rxe1+ 30. Rxe1 Qxa6 31. h4 Qa2 32. Re2 Rb1+ 33. Kg2 Rc1 34. Be5 Rxc2 35. Rxc2 Qxc2 36. Qe4 a5 37. Qa8 Qxd3 38. Bf4 Qd5+ 39. Qxd5 exd5 40. Kf3 a4 0-1

[Event "*** Titled Tuesday Blitz"]
[Site "Chess.com"]
[Date "2019.06.04"]
[Round "2"]
[White "NM2019"]
[Black "ethylalcohol"]
[Result "1-0"]
[WhiteElo "2108"]
[BlackElo "2052"]
[TimeControl "180+2"]
[EndTime "13:20:24 PDT"]
[Termination "NM2019 won by resignation"]

1. e4 e6 2. d4 d5 3. e5 c5 4. c3 Nc6 5. Nf3 Qb6 6. Bd3 Bd7 7. Bc2 cxd4 8. cxd4 Nb4 9. Nc3 Nxc2+ 10. Qxc2 Ne7 11. O-O Nf5 12. Rd1 Be7 13. g4 Nh4 14.
Nxh4 Bxh4 15. Bf4 Be7 16. Kg2 Rc8 17. Qd2 O-O 18. Rh1 f6 19. h4 fxe5 20. Bxe5 Bf6 21.
Bxf6 Rxf6 22. g5 Rf5 23. Rae1 Rcf8 24. Re2 Be8 25. Rf1 Bh5 26. Re3 Rf4 27. Ne2 Rxh4 28. f3 Rhf4 29. Nxf4 Rxf4 30. Rd3 Qd8 31. Qxf4 Bg6 32.
Re3 1-0

[Event "*** Titled Tuesday Blitz"]
[Site "Chess.com"]
[Date "2019.06.04"]
[Round "2"]
[White "Msb2"]
[Black "bait_or_mate"]
[Result "1-0"]
[WhiteElo "2802"]
[BlackElo "2445"]
[TimeControl "180+2"]
[EndTime "13:20:30 PDT"]
[Termination "Msb2 won by resignation"]

1. d4 d5 2. c4 e6 3. Nc3 a6 4. cxd5 exd5 5. Qb3 Nc6 6. Nf3 Bf5 7. a3 Nf6 8. Bf4 Bd6 9. Bxd6 Qxd6 10. e3 O-O 11. Be2 Rfe8 12. O-O Na5 13. Qd1 Nd7 14. Rc1 Nc6 15. Bd3 Bxd3 16. Qxd3 Ne7 17. b4 c6 18. Na4 Rab8 19. Nc5 Ng6 20. a4 Nb6 21. Nd2 Nf8 22.
b5 axb5 23. axb5 Nfd7 24. Nxb7 Rxb7 25. bxc6 Rc7 26. cxd7 Qxd7 27. Rxc7 Qxc7 28. Qb1 Rc8 29. h3 g6 30. Nb3 Qc3 31. Rc1 Qb4 32. Nc5 Qa5 33. Qb3 Nc4 34. Qb7 Rc7 35. Qxd5 Nd2 36.
Qd8+ Kg7 37. Ne6+ 1-0